AoeStats
← Nopec

MegaRandom

507300727Analyzed
4v4 RM · 15d ago on Sep 17, 2026· 58m 39s· 8 players
Game mode
Random Map
Map size
Large (8 player)
Population
200
Speed
Normal
Resources
Standard
Victory
Conquest
Starting age
Dark Age
Ending age
Imperial Age
RankedLock teamsTeams togetherTeam positionsShared explorationLock speedFull tech treeHidden civsTurbo modeCheats
Victory
Defeat
🇺🇸 Franks · United States
743
+12
🇬🇪 Bulgarians · Georgia
686
+14
🇬🇧 Magyars · United Kingdom
659
+15
🇺🇸 Chinese · United States
632
+16
🇩🇪 Japanese · Germany
756
-18
🇩🇪 Wei · Germany
728
-18
🇵🇪 Huns · Peru
548
-11
🇪🇸 Burgundians · Spain
533
-10
Babymunch x
11:14 Feudal Age
11:44 Loom
12:20 Double-Bit Axe
15:28 Horse Collar
21:29 Castle Age
20:52 Fletching
21:04 Padded Archer Armor
22:15 Wheelbarrow
25:30 Fervor
27:16 Hand Cart
32:33 Imperial Age
31:26 Heavy Plow
31:39 Bow Saw
32:16 Pikeman
32:57 Squires
32:42 Arson
34:03 Elite Fire Lancer
34:05 Halberdier
34:07 Man-at-Arms
34:09 Elite Chu Ko Nu
35:12 Conscription
36:49 Gold Mining
36:49 Stone Mining
36:52 Gold Mining
37:18 Caravan
37:52 Fortified Wall
38:45 Chemistry
37:09 Heavy Rocket Cart
40:35 Forging
40:21 Bodkin Arrow
40:42 Leather Archer Armor
40:27 Scale Mail Armor
42:13 Ballistics
42:14 Bombard Tower
43:41 Iron Casting
43:07 Bracer
43:23 Chain Mail Armor
43:39 Ring Archer Armor
44:13 Long Swordsman
47:40 Two-Handed Swordsman
51:21 Champion
53:06 Blast Furnace
52:37 Plate Mail Armor
53:58 Heated Shot
54:05 Murder Holes
Pain
12:09 Feudal Age
13:29 Wheelbarrow
12:44 Double-Bit Axe
12:41 Horse Collar
13:42 Loom
14:07 Gold Mining
14:08 Stone Mining
14:29 Town Watch
19:54 Castle Age
17:43 Town Watch
21:47 Bow Saw
23:50 Hand Cart
26:12 Caravan
27:33 Gold Shaft Mining
29:58 Masonry
29:44 Murder Holes
30:13 Ballistics
30:22 Corvinian Army
31:41 Town Watch
34:40 Imperial Age
32:19 Scale Barding Armor
32:06 Fletching
32:41 Heavy Plow
35:39 Treadmill Crane
36:24 Chain Barding Armor
36:05 Padded Archer Armor
36:04 Bodkin Arrow
36:13 Husbandry
36:25 Bloodlines
38:00 Two-Man Saw
37:33 Crop Rotation
36:29 Elite Magyar Huszar
37:47 Hoardings
37:34 Conscription
37:15 Recurve Bow
37:54 Plate Barding Armor
37:21 Bracer
37:22 Padded Archer Armor
38:52 Siege Engineers
39:53 Chemistry
39:24 Parthian Tactics
38:20 Heavy Cavalry Archer
39:06 Thumb Ring
38:23 Crossbowman
40:11 Town Patrol
40:46 Elite Skirmisher
40:47 Arbalester
49:03 Leather Archer Armor
58:17 Spies/Treason
OhAirohh
12:12 Feudal Age
16:02 Castle Age
14:24 Double-Bit Axe
14:42 Loom
16:24 Wheelbarrow
15:37 Town Watch
17:46 Wheelbarrow
17:40 Husbandry
17:02 Light Cavalry
20:27 Bow Saw
27:55 Hand Cart
29:26 Fortified Wall
29:12 Murder Holes
29:09 Guard Tower
29:40 Ballistics
30:01 Scale Barding Armor
30:07 Forging
30:32 Town Patrol
34:03 Caravan
35:25 Masonry
35:54 Iron Casting
35:40 Chain Barding Armor
35:20 Scale Mail Armor
35:22 Padded Archer Armor
37:04 #83
36:47 Fletching
40:34 Imperial Age
38:24 Chain Mail Armor
38:05 Bodkin Arrow
39:49 Leather Archer Armor
42:01 Plate Barding Armor
42:27 Blast Furnace
41:03 Cavalier
42:25 Paladin
43:42 Plate Mail Armor
43:47 Architecture
46:08 Arrowslits
49:45 Chemistry
50:03 Siege Engineers
52:59 Chivalry
53:20 Conscription
53:36 Hoardings
52:22 Elite Throwing Axeman
54:16 Capped Ram
avto.kakhishvili1
11:05 Feudal Age
15:07 Castle Age
13:20 Double-Bit Axe
15:00 Wheelbarrow
14:26 Horse Collar
17:16 Heavy Plow
17:48 Bow Saw
23:32 Stone Mining
24:40 Gold Mining
25:51 Hand Cart
27:38 Stone Shaft Mining
27:08 Loom
28:06 Gold Shaft Mining
32:51 Imperial Age
31:39 Scale Barding Armor
31:45 Forging
32:36 Chain Barding Armor
32:40 Caravan
34:44 Stirrups
34:58 Elite Konnik
36:04 Scale Mail Armor
36:41 Plate Barding Armor
37:36 Iron Casting
42:15 Blast Furnace
42:11 Onager
45:55 Chemistry
45:15 Ballistics
44:56 Fletching
45:06 Padded Archer Armor
44:29 Heavy Cavalry Archer
45:15 Thumb Ring
45:35 Parthian Tactics
45:59 Siege Onager
48:32 Masonry
ruben92_7
3:00 Wheelbarrow
12:14 Feudal Age
16:13 Hand Cart
26:29 Castle Age
28:48 Cavalier
29:35 Husbandry
33:26 Imperial Age
31:43 Cavalier
34:33 Burgundian Vineyards
35:01 Stone Mining
35:05 Gold Mining
36:16 Paladin
41:34 Elite Coustillier
Nopec
6:49 Loom
8:54 Loom
11:18 Feudal Age
11:47 Horse Collar
11:56 Double-Bit Axe
19:21 Castle Age
17:17 Stone Mining
17:19 Gold Mining
19:28 Arson
19:45 Scale Mail Armor
19:56 Forging
19:37 Fletching
21:19 Heavy Plow
21:32 Bow Saw
24:42 Squires
26:10 Wheelbarrow
25:20 Town Watch
25:55 Town Watch
27:51 Iron Casting
27:32 Chain Mail Armor
27:52 Chain Mail Armor
28:00 Ballistics
28:17 Bodkin Arrow
27:53 Pikeman
29:42 Hand Cart
29:37 Murder Holes
30:33 Town Patrol
35:01 Imperial Age
32:49 Masonry
32:19 Treadmill Crane
36:04 Gold Shaft Mining
36:41 Two-Man Saw
36:44 Blast Furnace
36:14 Plate Mail Armor
35:45 Bracer
35:29 Halberdier
35:33 Elite Samurai
36:35 Kataparuto
36:35 Conscription
38:43 Caravan
41:17 Man-at-Arms
41:43 Gambesons
44:30 Chemistry
43:41 Elite Skirmisher
45:06 Padded Archer Armor
46:43 Thumb Ring
47:03 Leather Archer Armor
47:57 Siege Engineers
51:02 Arrowslits
51:10 Guard Tower
51:06 Arrowslits
51:26 Yasama
53:01 Keep
Ana Catalina
0:33 Loom
11:21 Feudal Age
11:48 Double-Bit Axe
12:54 Horse Collar
13:50 Stone Mining
13:50 Gold Mining
19:10 Castle Age
17:26 Forging
17:32 Scale Mail Armor
19:56 Heavy Plow
20:33 Stone Shaft Mining
20:34 Gold Shaft Mining
24:23 Bow Saw
24:20 Town Watch
24:41 Tuntian
27:22 Iron Casting
26:38 Fletching
34:25 Imperial Age
32:11 Bodkin Arrow
32:17 Padded Archer Armor
34:43 Leather Archer Armor
34:44 Chain Mail Armor
34:36 Scale Barding Armor
36:48 Pikeman
38:47 Parthian Tactics
38:27 Thumb Ring
38:48 Halberdier
40:49 Chemistry
40:09 Ballistics
40:01 Fortified Wall
44:27 Elite Tiger Cavalry
47:22 Arson
50:24 Crop Rotation
53:57 Chain Barding Armor
Raql501
9:04 Feudal Age
13:56 Double-Bit Axe
20:02 Castle Age
25:01 Horse Collar
26:11 Gold Mining
31:25 Stone Mining
31:50 Bow Saw
31:45 Heavy Plow
31:49 Husbandry
33:50 Gold Shaft Mining
34:57 Scale Barding Armor
36:02 Wheelbarrow
35:15 Town Watch
36:03 Chain Barding Armor
35:58 Loom
37:03 Hand Cart
37:49 Forging
37:42 Scale Mail Armor
40:12 Bloodlines
40:20 Chain Mail Armor
40:42 Iron Casting
43:30 Imperial Age
42:49 Town Patrol
44:27 Cavalier
45:20 Elite Tarkan
49:39 Blast Furnace
49:15 Plate Barding Armor
48:18 Paladin
55:47 Caravan
Connection lost

Rejoining the realm…

Still unreachable

The connection could not be restored.

Session expired

The server has moved on; the page needs a fresh start.